 Dungeon Crawl Stone Soup version 0.31.0-11-ge490571c62 (webtiles) character file.

Game seed: 15631253089880345519

63 AlmostDecent the Magician (level 4, -2/31 HPs)
             Began as a Djinni Conjurer on Jan 30, 2024.
             Killed by nerve-wracking pain
             ... invoked by Grinder
              (4 damage)
             ... on level 3 of the Dungeon.
             The game lasted 00:06:17 (1446 turns).

AlmostDecent the Magician (Djinni Conjurer)         Turns: 1446, Time: 00:06:17

Health: -2/31      AC:  2    Str:  6    XL:     4   Next: 31%
Gold:   82         EV: 12    Int: 21    God:
                   SH:  0    Dex: 12

rFire   + + .        b - +0 dagger (venom)
rCold   x . .        (no shield)
rNeg    . . .        a - +0 robe
rPois   ∞            (no helmet)
rElec   .            (no cloak)
rCorr   .            (no gloves)
SInv    .            (boots unavailable)
Will    .....        (no amulet)
Stlth   ++           (no ring)
HPRegen 0.25/turn    (no ring)
MPRegen 0.00/turn

%: infuse magic (-3 HP)
@: attractive, flying, invisible
A: sickness immunity, fire resistance 2, cold vulnerability 1, float, innate
caster, HP casting, extra vitality 1
a: no special abilities


You were on level 3 of the Dungeon.
You visited 1 branch of the dungeon, and saw 3 of its levels.

You collected 124 gold pieces.
You spent 42 gold pieces at shops.

Inventory:

Hand Weapons
 b - a +0 dagger of venom (weapon)
Armour
 a - a +0 robe (worn)
Jewellery
 e - a ring of fire
Scrolls
 c - 2 scrolls of noise {unknown}
 h - a scroll of teleportation
 i - a scroll of identify {unknown}
Potions
 f - a potion of attraction
 g - 2 potions of haste {unknown}
 j - a potion of heal wounds {unknown}
 k - a potion of lignification {unknown}


   Skills:
 + Level 3.2 Dodging
 + Level 2.3 Stealth
 * Level 4.0 Spellcasting
 * Level 4.0 Conjurations
 * Level 4.0 Hexes
 * Level 4.0 Summonings
 * Level 4.0 Necromancy
 * Level 4.0 Translocations
 * Level 4.0 Fire Magic
 * Level 4.0 Ice Magic
 * Level 4.0 Air Magic
 * Level 4.0 Earth Magic
 * Level 4.0 Alchemy


You knew the following spells:

 Your Spells              Type           Power      Damage    Failure   Level
a - Magic Dart            Conj           84%        1d7       2%          1
b - Searing Ray           Conj           42%        2d6       3%          2
c - Fulminant Prism       Conj/Alch      10%        3d9       22%         4
d - Iskenderun's Mystic   Conj/Tloc      21%        2d6       22%         4
e - Slow                  Hex            84%        N/A       2%          1
Your spell library was empty.

Dungeon Overview and Level Annotations

Branches:
Dungeon (3/15)

Altars:

Shops:
D:2 ?

Annotations:
D:3 Grinder


Innate Abilities, Weirdness & Mutations

You are immune to sickness and miasma.
You are immune to poison.
Your flesh is very heat resistant. (rF++)
You are vulnerable to cold. (rC-)
You float through the air rather than walking.
You learn spells naturally, not from books.
Your magical power is your life essence.
You have superior vitality. (+4 MHP)


Message History

Confirm with . or Enter, or press ? or * to list all spells.
Aiming: Searing Ray (safe; 3% risk of failure)
Press: ? - help, Shift-Dir - straight line, f/p - Grinder
Aim: Grinder (lightly wounded, 75% to hit)
The searing ray hits Grinder!
Grinder is moderately wounded. (Press . to maintain the ray.) Grinder gestures at you.
Pain shoots through your body!
Unknown command.
The searing ray hits Grinder.
Grinder is moderately wounded.
The searing ray hits Grinder!
Grinder is heavily wounded.
The searing ray hits Grinder.
Grinder is severely wounded.
You finish channelling your searing ray.
Grinder hits you.
Casting: Searing Ray (safe; 3% risk of failure)
Confirm with . or Enter, or press ? or * to list all spells.
Aiming: Searing Ray (safe; 3% risk of failure)
Press: ? - help, Shift-Dir - straight line, f/p - Grinder
Aim: Grinder (severely wounded, 75% to hit)
The searing ray hits Grinder.
Grinder is severely wounded. (Press . to maintain the ray.)
* * * LOW HITPOINT WARNING * * *
Grinder hits you.
* * * LOW HITPOINT WARNING * * *
You writhe in agony.
* * * LOW HITPOINT WARNING * * *
It was a potion of attraction.
You feel attractive to monsters.
Grinder blinks!
Grinder is attracted toward you.
It was a potion of invisibility.
You fade into invisibility!
Grinder gestures at you. Pain shoots through your body!
You die...
Grinder sighs, "Dead already?
I want a refund."

####.#. )....#
.....#.#..#...#.#
##...............###
........#.##..<....
#..............#.#
#..........#.....#
#.....#..#.#..##
#.....#.#._.#§.###..#
#.###....#.#.@5§....#
#.........#...#####.#
###.###.......# #.#
####.....# ####.####
#.....#
#.......###.....#
#.##......#.....#
#.##.##.#.#.....#
#.##.)..#.#


You could see Grinder (unable to see you).

Vanquished Creatures
  2 adders
  8 ball pythons
  5 endoplasms
  2 giant cockroaches (D:1)
  4 goblins (D:2)
  6 hobgoblins
  2 quokkas
  4 bats
  3 frilled lizards (D:1)
  3 kobolds
  3 rats (D:2)
42 creatures vanquished.

Notes
Turn   | Place    | Note
-------+----------+-------------------------------------------
     0 | D:1      | AlmostDecent the Djinni Conjurer began the quest for the
                  | Orb.
     0 | D:1      | AlmostDecent set off with the following spells memorised:
                  | Magic Dart, Searing Ray, Fulminant Prism, Iskenderun's
                  | Mystic Blast.
     0 | D:1      | Reached XP level 1. HP: 15/15 MP: 0/0
   103 | D:1      | Reached XP level 2. HP: 19/21 MP: 0/0
   553 | D:2      | Reached XP level 3. HP: 20/25 MP: 0/0
   553 | D:2      | Learned a level 1 spell: Slow
  1081 | D:2      | Found Eriehei's Magic Scroll Boutique.
  1088 | D:2      | Bought a scroll of teleportation for 42 gold pieces
  1177 | D:2      | Reached XP level 4. HP: 30/31 MP: 0/0
  1424 | D:3      | Found a faded altar of an unknown god.
  1431 | D:3      | Noticed Grinder
  1446 | D:3      | Killed from afar by Grinder

Illustrated notes

Levels and vault maps discovered:
D:1:      minmay_arrival_hallway, layout_basic
D:2:      minmay_chambers_of_twos, layout_basic, serial_shops, shop,
          minmay_door_square
D:3:      layout_loops_cross, chequers_ecumenical_altar_simple_redux,
          uniq_terence, uniq_natasha, uniq_grinder

Skill      XL: |  1  2  3  4 |
---------------+-------------+-----
Stealth        | 2 |  2.3
Dodging        | 3 |  3.2
Spellcasting   | 4 |  4.0
Conjurations   | 4 |  4.0
Hexes          | 4 |  4.0
Summonings     | 4 |  4.0
Necromancy     | 4 |  4.0
Translocations | 4 |  4.0
Fire Magic     | 4 |  4.0
Ice Magic      | 4 |  4.0
Air Magic      | 4 |  4.0
Earth Magic    | 4 |  4.0
Alchemy        | 4 |  4.0

Action                     |  1- 3 |  4- 6 || total
---------------------------+-------+-------++-------
   Cast: Magic Dart        |    76 |    19 ||    95
         Searing Ray       |       |     2 ||     2
    Use: Potion            |       |     2 ||     2
 Armour: Robe              |     7 |     5 ||    12
  Dodge: Dodged            |     4 |     4 ||     8
